Map: Cosmic Sapphire

Players

DrCongLock

  • Race: Protoss Protoss
  • League: Diamond
  • Spawn Location: 11:00

ShipRiteMike - Winner!

  • Race: Zerg Zerg
  • League: Diamond
  • Spawn Location: 5:00

VOD

Have the link to the VOD?

Description

Time

  • Played on: Nov. 7, 2022, 3:29 a.m.
  • Length: 6:17
Show
View Real Time Build Order
Export as new Build Order

DrCongLock Protoss 

Build Orders:  

Get SALT Encoding   

  12  0:01  Probe  
  13  0:13  Probe  
  14  0:19  Pylon  
  14  0:25  Probe (Chrono Boost)  
  15  0:37  Probe (Chrono Boost)  
  15  0:42  Gateway  
  16  0:43  Probe  
  17  0:55  Forge  
  17  1:02  Probe  
  18  1:19  Pylon  
  18  1:21  Pylon  
  18  1:23  Pylon  
  18  1:39  Photon Cannon  
  18  1:40  Probe  
  19  1:52  Probe, Assimilator  
  20  2:08  Probe, Nexus  
  21  2:19  Photon Cannon  
  21  2:22  Probe (Chrono Boost)  
  22  2:31  Pylon  
  22  2:35  Probe (Chrono Boost)  
  23  2:43  Probe  
  24  2:55  Probe, Assimilator  
  25  2:58  Cybernetics Core  
  25  3:07  Probe  
  25  3:12  Photon Cannon  
  26  3:22  Probe x2  
  28  3:34  Probe x2  
  29  3:38  Stargate  
  29  3:39  Adept (Chrono Boost)  
  30  3:46  Probe  
  30  3:48  Probe  
  34  3:58  Probe, Assimilator  
  34  4:00  Probe  
  36  4:08  Pylon  
  36  4:10  Probe  
  36  4:12  Probe  
  38  4:22  Probe  
  39  4:24  Probe  
  39  4:26  Assimilator  
  40  4:34  Probe  
  40  4:36  Probe  
  40  4:43  Pylon  
  44  4:46  Probe  
  44  4:48  Probe  
  44  4:49  Void Ray (Chrono Boost)  
  44  4:52  Pylon  
  46  4:58  Probe, Pylon  
  47  5:00  Gateway, Probe  
  47  5:02  Pylon  
  47  5:06  Gateway  
Show
View Real Time Build Order
Export as new Build Order

ShipRiteMike Zerg - Winner!

Build Orders: Hatch First 

Get SALT Encoding   

  12  0:00  Drone  
  13  0:12  Overlord  
  13  0:17  Drone  
  14  0:30  Drone x2  
  16  0:49  Hatchery  
  15  0:51  Drone  
  16  0:58  Drone x2  
  16  1:02  Extractor  
  17  1:15  Spawning Pool  
  16  1:24  Drone x2  
  18  1:33  Drone  
  18  1:39  Drone  
  21  1:59  Hatchery  
  20  2:13  Hatchery  
  19  2:16  Drone  
  20  2:24  Drone x2  
  20  2:29  Evolution Chamber, Drone  
  22  2:50  Hatchery, Drone  
  22  2:57  Zerg Melee Weapons Level 1  
  22  3:10  Queen  
  24  3:23  Metabolic Boost  
  24  3:44  Zergling x16  
  24  3:48  Zergling x2  
  33  3:59  Overlord x2  
  33  4:01  Zergling x2  
  34  4:03  Zergling x2  
  34  4:06  Zergling x2  
  34  4:09  Zergling x2  
  38  4:10  Zergling x2  
  38  4:13  Zergling x2  
  39  4:19  Zergling x6  
  41  4:26  Zergling x8  
  41  4:28  Zergling x2  
  45  4:32  Zergling x4  
  45  4:35  Zergling x2  
  47  4:39  Zergling x2  
  47  4:41  Zergling x2  
  47  4:42  Zergling x2  
  50  4:47  Zergling x2  
  50  4:49  Zergling x2  
  50  4:55  Zergling x2  
  50  4:56  Zergling x4  
  53  5:00  Zergling x2  
  53  5:02  Zergling x2  
  53  5:03  Zergling x2  
  56  5:20  Zergling x2  
  56  5:21  Zergling x2  
  56  5:23  Zergling x2  
  56  5:26  Zergling x2  
  56  5:27  Zergling x2  
  56  5:28  Zergling x2  
  56  5:30  Zergling x2  
  56  5:32  Zergling x2  
  56  5:34  Zergling x2  
  51  5:45  Zergling x2  
  51  5:46  Zergling x2  
  51  5:48  Zergling x2  
  55  5:53  Zergling x2  
  55  5:54  Zergling x2  
  53  5:57  Zergling x2  
  53  5:59  Zergling x2  
Tags
 
Add a new tag
Caveats
  • Supply blocks, unpowered buildings, or Contaminate may cause inaccurate times.
  • Supply counts are checked every 10 seconds.